 Dungeon Crawl Stone Soup version 0.31.0-12-g77e489cdc1 (webtiles) character file.

Game seed: 12384346110712298333

730 Doomgape the Trooper (level 7, -1/41 HPs)
             Began as a Gargoyle Fighter on Feb 28, 2024.
             Was a Follower of Hepliaklqana.
             Killed by divine providence
             ... invoked by an orc priest
              (13 damage)
             ... on level 6 of the Dungeon.
             The game lasted 00:11:37 (4592 turns).

Doomgape the Trooper (Gargoyle Fighter)             Turns: 4592, Time: 00:11:38

Health: -1/41      AC: 22    Str: 21    XL:     7   Next: 73%
Magic:  7/7        EV:  3    Int:  7    God:    Hepliaklqana [*.....]
Gold:   299        SH:  4    Dex:  9    Spells: 6/6 levels left

rFire   . . .        a - +0 flail
rCold   + + .        c - +0 buckler
rNeg    + . .        y - +0 crystal plate armour "Wofiat" {rElec rC++ Int-2}
rPois   ∞            (no helmet)
rElec   +            (no cloak)
rCorr   .            (no gloves)
SInv    .            (no boots)
Will    .....        (no amulet) Stlth
                     (no ring)
HPRegen 0.26/turn    (no ring)
MPRegen 0.10/turn

%: no passive effects
@: mighty
A: reduced essence, sickness immunity, AC +4, negative energy resistance 1,
electricity resistance, torment resistance 1, petrification resistance
a: Renounce Religion, Recall Ancestor, Ancestor Identity


You were on level 6 of the Dungeon.
You worshipped Hepliaklqana.
Hepliaklqana was aware of your devotion.
You visited 2 branches of the dungeon, and saw 7 of its levels.

You collected 299 gold pieces.

Inventory:

Hand Weapons
 a - a +0 flail (weapon)
Missiles
 q - 4 javelins (quivered)
 s - a throwing net
Armour
 c - a +0 buckler (worn)
 g - a +0 chain mail
 y - the +0 crystal plate armour "Wofiat" (worn) {rElec rC++ Int-2}
   (You acquired it on level 6 of the Dungeon)

   Int-2:     It affects your intelligence (-2).
   rC++:      It greatly protects you from cold.
   rElec:     It insulates you from electricity.
Jewellery
 f - a ring of see invisible
 w - a ring of positive energy
Wands
 v - a wand of mindburst (20)
Scrolls
 h - a scroll of acquirement
 i - 2 scrolls of revelation {unknown}
 j - 8 scrolls of identify {unknown}
 m - a scroll of poison {unknown}
 o - 3 scrolls of butterflies {unknown}
 p - 2 scrolls of vulnerability {unknown}
 u - a scroll of teleportation {unknown}
 x - a scroll of brand weapon {unknown}
 z - a scroll of amnesia {unknown}
 A - a scroll of enchant weapon {unknown}
Potions
 b - a potion of degeneration {unknown}
 d - 2 potions of might
 e - a potion of heal wounds
 k - a potion of enlightenment {unknown}
 l - a potion of curing {unknown}
 n - a potion of haste
 r - 3 potions of lignification {unknown}
 t - a potion of ambrosia {unknown}


   Skills:
 + Level 6.0 Fighting
 + Level 4.9 Maces & Flails
 + Level 6.0 Armour
 - Level 4.0 Shields


You had 6 spell levels left.
You didn't know any spells.
Your spell library contained the following spells:

 Spells                   Type           Power      Damage    Failure   Level
 Freeze                   Ice            0%         1d3       100%        1
 Magic Dart               Conj           0%         1d3       100%        1
 Blink                    Tloc           0%         N/A       100%        2
 Call Imp                 Summ           0%         N/A       100%        2
 Frozen Ramparts          Ice            0%         1d1       100%        3
 Hailstorm                Conj/Ice       0%         3d5       100%        3
 Iskenderun's Battlesphe  Conj           0%         2d6       100%        5
 Bombard                  Conj/Erth      0%         9d1       100%        6
 Spellforged Servitor     Conj/Summ      0%         N/A       100%        7


Dungeon Overview and Level Annotations

Branches:
Dungeon (6/15)             Temple (1/1) D:5

Altars:
Ashenzari
Cheibriados
Dithmenos
Elyvilon
Fedhas
Gozag
Hepliaklqana
Kikubaaqudgha
Makhleb
Nemelex Xobeh
Okawaru
Qazlal
Sif Muna
Vehumet
Wu Jian
Xom
Zin
The Shining One

Portals:
Ossuary: D:6


Innate Abilities, Weirdness & Mutations

Your life essence is reduced to manifest your ancestor. (-10% HP)
You are immune to sickness and miasma.
Your stone body is resilient. (AC +4)
You are immune to poison.
You resist negative energy. (rN+)
You are resistant to electric shocks. (rElec)
You are resistant to unholy torment.
You are immune to petrification.


Message History

Unknown command.
Unknown command.
You sock the black bear!
The black bear is heavily wounded.
You block the black bear's attack.
The black bear claws you but does no damage. x2
The orc priest looks encouraged for a moment.
Unknown command.
You closely miss the black bear.
The black bear is heavily wounded.
The black bear bites you but does no damage.
The black bear barely misses you.
The black bear claws you but does no damage.
Unknown command.
You barely miss the black bear.
The black bear is heavily wounded.
The black bear bites you but does no damage.
You block the black bear's attack.
The black bear claws you but does no damage.
Unknown command.
You sock the black bear!
The black bear is almost dead.
The black bear goes berserk!
The black bear bites you!
* * * LOW HITPOINT WARNING * * *
The black bear completely misses you. The black bear barely misses you.
Unknown command.
You sock the black bear!
You kill the black bear!
The ogre barely misses you.
Your Fighting skill increases to level 6!
Your Armour skill increases to level 6!
Unknown command.
You barely miss the ogre.
Unknown command.
You thump the ogre!
The ogre is moderately wounded.
The ogre completely misses you.
The orc priest calls down the wrath of Beogh upon you.
Beogh smites you!
You die...

## ##. ##.. ..∩ .. #.####.
......o### #ooO)#### ##.#@##<#
#.#..#.# .# ..##...# #######^#
### ##..#
........##########..######.#
...(........#.......†#.....# .
............#..........# ####..#
............#........#.##.......
............#######+##.....#


You could see an ogre, 2 orc priests and an orc.

Vanquished Creatures
  A water moccasin (D:4)
  A black bear (D:6)
  An orc warrior (D:6)
  A centaur (D:5)
  3 howler monkeys
  2 jellies
  9 adders
  3 gnolls (D:4)
  A shadow imp (D:5)
  A dart slug (D:1)
  3 ribbon worms
  3 orcs (D:3)
  5 endoplasms
  4 giant cockroaches
  4 goblins
  3 hobgoblins
  2 quokkas (D:2)
  4 ball pythons
  5 bats
  9 frilled lizards
  3 kobolds (D:1)
  3 rats
71 creatures vanquished.

Vanquished Creatures (others)
  An ancestor (D:6)
1 creature vanquished.

Grand Total: 72 creatures vanquished

Notes
Turn   | Place    | Note
-------+----------+-------------------------------------------
     0 | D:1      | Doomgape the Gargoyle Fighter began the quest for the Orb.
     0 | D:1      | Reached XP level 1. HP: 14/14 MP: 1/1
   307 | D:1      | Reached XP level 2. HP: 13/19 MP: 2/2
   744 | D:2      | Reached XP level 3. HP: 20/24 MP: 3/3
  1349 | D:2      | Found a faded altar of an unknown god.
  1442 | D:3      | Reached XP level 4. HP: 25/29 MP: 4/4
  1980 | D:3      | Reached XP level 5. HP: 31/33 MP: 5/5
  2682 | D:4      | Noticed a water moccasin
  2701 | D:4      | Killed a water moccasin
  2702 | D:4      | Reached XP level 6. HP: 13/40 MP: 6/6
  3034 | D:5      | Entered Level 5 of the Dungeon
  3051 | D:5      | Reached skill level 5 in Fighting
  3216 | D:5      | Found a staircase to the Ecumenical Temple.
  3224 | D:5      | Reached skill level 5 in Armour
  3302 | Temple   | Entered the Ecumenical Temple
  3310 | Temple   | Became a worshipper of Hepliaklqana the Forgotten
  3358 | D:5      | Reached XP level 7. HP: 44/44 MP: 7/7
  4398 | D:6      | Identified 2 scrolls of acquirement
  4398 | D:6      | Acquired the +0 crystal plate armour "Wofiat" {rElec rC++
                  | Int-2}
  4547 | D:6      | Reached * piety under Hepliaklqana
  4570 | D:6      | Found a sand-covered staircase.
  4592 | D:6      | Killed from afar by an orc priest

Illustrated notes

Levels and vault maps discovered:
D:1:      erik_arrival_orb_chamber, layout_loops_ring
D:2:      layout_loops_ring, hellmonk_ecumenical_altar_run_dry
D:3:      layout_rooms, serial_forest, infiniplex_forest_clump_tiny,
          infiniplex_forest_end_2, infiniplex_forest_end_1,
          infiniplex_forest_straight_4, infiniplex_forest_lined_1,
          infiniplex_forest_3_way, infiniplex_forest_fountain, st_stairs_9,
          kennysheep_generic_room_11
D:4:      layout_loops_ring
D:5:      layout_layer_cave, minmay_temple_entry_purple_smoke
D:6:      layout_basic, enter_ossuary_3, portal_sewer_entry_d
Temple:   nicolae_temple_bog_church

Skill      XL: |  1  2  3  4  5  6  7 |
---------------+----------------------+-----
Shields        | 4 |  4.0
Fighting       | 4 5 6 |  6.0
Armour         | 4 5 6 |  6.0
Maces & Flails | 3 4 |  4.9

Action                     |  1- 3 |  4- 6 |  7- 9 || total
---------------------------+-------+-------+-------++-------
  Melee: Flail             |   125 |   214 |    40 ||   379
 Invoke: Ancestor Identity |       |       |     1 ||     1
    Use: Potion            |       |     2 |     2 ||     4
         Scroll            |       |       |     1 ||     1
 Armour: Scale mail        |    44 |       |       ||    44
         Chain mail        |    49 |   152 |     8 ||   209
         Crystal plate arm |       |       |    29 ||    29
         Skin              |       |       |     1 ||     1
  Dodge: Dodged            |    47 |    85 |    15 ||   147
  Block: Buckler           |    18 |    56 |     7 ||    81
